Map: Dusk Towers

Players

MCanning - Winner!

  • Race: Protoss Protoss
  • League: Master

Effervescent

  • Race: Terran Terran
  • League: Master

VOD

https://www.youtube.com/watch?v=HfsDWNP3nFg

Description

Time

  • Played on: April 1, 2016, 12:04 a.m.
  • Length: 11:39
Show
View Real Time Build Order
Export as new Build Order

MCanning Protoss - Winner!

Build Orders: 1 Gate Expand, Blink Stalkers 

Get SALT Encoding   

  12  0:01  Probe (Chrono Boost)  
  13  0:11  Probe (Chrono Boost)  
  14  0:17  Pylon  
  14  0:22  Probe (Chrono Boost)  
  15  0:36  Gateway, Probe (Chrono Boost)  
  16  0:46  Probe (Chrono Boost)  
  16  0:48  Assimilator  
  18  0:57  Probe (Chrono Boost)  
  18  1:07  Probe (Chrono Boost)  
  19  1:17  Nexus  
  19  1:28  Cybernetics Core  
  19  1:31  Probe (Chrono Boost)  
  20  1:37  Assimilator  
  20  1:41  Probe (Chrono Boost)  
  21  1:49  Pylon  
  21  1:53  Probe (Chrono Boost)  
  22  2:03  Probe (Chrono Boost)  
  22  2:06  Warp Gate  
  22  2:07  Adept (Chrono Boost)  
  26  2:16  Mothership Core  
  26  2:30  Probe (Chrono Boost)  
  26  2:37  Probe (Chrono Boost)  
  28  2:42  Probe (Chrono Boost)  
  29  2:46  Twilight Council  
  29  2:48  Probe (Chrono Boost)  
  30  2:53  Probe (Chrono Boost)  
  30  2:54  Sentry  
  34  2:58  Probe (Chrono Boost)  
  34  3:03  Probe (Chrono Boost)  
  35  3:09  Probe (Chrono Boost)  
  36  3:14  Probe (Chrono Boost)  
  36  3:19  Gateway, Probe (Chrono Boost)  
  38  3:23  Gateway  
  38  3:24  Probe (Chrono Boost)  
  39  3:30  Robotics Facility, Probe (Chrono Boost)  
  40  3:35  Probe (Chrono Boost)  
  40  3:40  Blink (Chrono Boost)  
  41  3:42  Probe (Chrono Boost)  
  41  3:47  Pylon  
  42  3:50  Pylon  
  42  3:53  Pylon  
  42  3:54  Probe x2  
  44  4:05  Probe  
  44  4:06  Probe  
  46  4:11  Assimilator  
  46  4:15  Assimilator, Probe  
  46  4:17  Stalker x2  
  46  4:18  Probe  
  46  4:20  Observer (Chrono Boost)  
  53  4:26  Probe  
  53  4:30  Probe  
  55  4:31  Stalker  
  55  4:36  Probe  
  58  4:42  Probe  
  59  4:47  Probe  
  59  4:48  Stalker x2  
  64  4:54  Probe  
  64  4:59  Observer (Chrono Boost)  
  64  5:08  Nexus  
  64  5:11  Pylon  
  64  5:15  Pylon  
  64  5:17  Probe  
  64  5:19  Probe  
  64  5:30  Probe x2  
  66  5:41  Gateway x2, Observer (Chrono Boost), Probe  
  66  5:42  Probe  
  69  5:43  Robotics Bay  
  69  5:44  Pylon  
  69  5:51  Probe  
  69  5:54  Probe  
  71  5:57  Forge  
  71  6:00  Forge  
  71  6:02  Pylon, Probe  
  71  6:03  Observer (Chrono Boost)  
  73  6:07  Probe  
  73  6:11  Adept x3  
  78  6:12  Probe  
  81  6:19  Probe  
  81  6:24  Probe  
  80  6:26  Resonating Glaives  
  80  6:31  Protoss Ground Weapons Level 1 (Chrono Boost)  
  80  6:32  Stalker x3  
  87  6:35  Disruptor (Chrono Boost), Probe  
  87  6:38  Protoss Ground Armor Level 1 (Chrono Boost)  
  91  6:43  Photon Cannon  
  91  6:47  Adept x2  
  93  6:53  Pylon  
  95  6:54  Photon Cannon, Probe  
  95  6:57  Adept  
  95  6:58  Adept  
  95  7:00  Probe x2  
  101  7:06  Probe  
  103  7:10  Probe  
  103  7:13  Assimilator, Probe  
  103  7:14  Disruptor (Chrono Boost)  
  108  7:16  Photon Cannon  
  108  7:18  Stalker, Assimilator  
  110  7:24  Stalker x2  
  110  7:26  Adept  
  116  7:31  Pylon  
  116  7:33  Pylon  
  116  7:44  Probe  
  116  7:47  Photon Cannon  
  116  7:49  Probe  
  116  7:51  Photon Cannon  
  118  7:55  Adept x5  
  118  7:56  Disruptor (Chrono Boost)  
  131  8:00  Probe  
  132  8:07  Pylon  
  132  8:09  Pylon  
  132  8:12  Probe  
  133  8:20  Pylon  
  133  8:22  Pylon  
  133  8:24  Disruptor  
  133  8:27  Stalker x5  
  135  8:32  Protoss Ground Armor Level 2 (Chrono Boost)  
  146  8:46  Probe  
  146  8:48  Gateway  
  143  8:50  Stalker x3, Protoss Ground Weapons Level 2 (Chrono Boost)  
  143  8:51  Stalker, Gateway  
  143  8:54  Gateway  
  151  8:58  Disruptor  
  143  9:06  Adept  
  143  9:08  Probe  
  149  9:15  Adept x4  
  157  9:20  Pylon  
  157  9:22  Pylon x2  
  157  9:26  Stargate  
  157  9:27  Stargate  
  143  9:48  Disruptor  
  143  9:50  Adept x4  
  143  9:51  Adept  
  143  9:56  Probe  
  143  10:06  Nexus  
  143  10:08  Probe  
  143  10:09  Pylon x2  
  143  10:14  Stalker x2, Fleet Beacon  
  144  10:15  Stalker x3  
  144  10:19  Stalker  
  144  10:21  Stalker  
  158  10:39  Probe  
  159  10:47  Adept x2  
  159  10:48  Adept x5  
  169  10:57  Tempest x2 (Chrono Boost)  
  160  11:22  Adept x6  
  160  11:23  Adept x2  
Show
View Real Time Build Order
Export as new Build Order

Effervescent Terran 

Build Orders: Reaper Expand, MMM Bio 

Get SALT Encoding   

  12  0:01  SCV  
  13  0:13  SCV  
  14  0:17  Supply Depot  
  14  0:25  SCV  
  15  0:39  SCV  
  15  0:40  Barracks  
  16  0:44  Refinery  
  16  0:51  SCV  
  17  1:03  SCV  
  18  1:15  SCV  
  19  1:27  Orbital Command  
  19  1:28  Reaper  
  20  1:39  Command Center  
  20  1:53  Supply Depot  
  20  1:54  SCV  
  21  2:00  Marine  
  22  2:06  SCV  
  23  2:09  Factory  
  23  2:13  Refinery  
  23  2:18  Marine, SCV  
  25  2:36  Marine  
  26  2:45  SCV  
  27  2:52  Orbital Command  
  27  2:53  Marine, Starport  
  27  2:54  Hellion  
  27  2:57  SCV  
  31  3:12  SCV  
  31  3:15  Command Center  
  31  3:18  Widow Mine  
  33  3:21  Marine  
  33  3:25  SCV  
  33  3:26  SCV  
  36  3:32  Medivac  
  38  3:38  SCV x2  
  40  3:45  Barracks Tech Lab  
  40  3:53  Barracks  
  40  3:54  Barracks  
  40  3:58  SCV x2  
  40  4:01  Supply Depot  
  42  4:03  Factory Reactor  
  42  4:12  Marauder, Starport Reactor, Stimpack  
  42  4:14  SCV  
  45  4:19  SCV  
  45  4:20  Supply Depot  
  46  4:28  Engineering Bay  
  46  4:30  Refinery  
  46  4:35  Marauder  
  43  4:51  Barracks Tech Lab, Medivac x2  
  48  4:52  SCV  
  48  4:53  Orbital Command  
  48  4:59  SCV  
  49  5:05  SCV, Marauder, Marine  
  49  5:06  Marine  
  52  5:26  Marine x2, Marauder  
  52  5:27  Marauder  
  58  5:29  Barracks  
  58  5:32  Barracks  
  58  5:33  Medivac  
  58  5:34  Medivac  
  62  5:37  SCV  
  62  5:38  SCV  
  62  5:40  Orbital Command, Combat Shields  
  64  5:49  SCV  
  65  5:50  SCV, Terran Infantry Weapons Level 1  
  65  5:51  Refinery  
  65  5:53  Supply Depot  
  65  5:54  Supply Depot  
  66  5:58  Marine x2  
  66  6:01  Marauder x2  
  72  6:07  SCV x2  
  72  6:08  SCV  
  75  6:13  Supply Depot  
  75  6:17  Supply Depot  
  75  6:23  Barracks Reactor, Barracks Tech Lab  
  75  6:24  Marine x2, Marauder  
  75  6:25  Marauder  
  80  6:26  SCV x3  
  80  6:28  Supply Depot  
  83  6:38  SCV x3  
  86  6:41  Supply Depot  
  86  6:43  Supply Depot  
  85  6:47  Marine  
  85  6:48  Marine, Marauder x3  
  85  6:53  SCV  
  94  6:54  Liberator x2, Refinery  
  94  6:55  SCV, Refinery  
  94  6:57  SCV  
  96  7:06  Marine x3  
  96  7:07  Marine  
  104  7:16  SCV x3  
  107  7:26  Marine x2, Marauder  
  107  7:27  Marauder x2  
  107  7:28  Marine  
  107  7:29  Marine  
  117  7:36  SCV x3  
  120  7:38  Liberator x2  
  107  7:54  Marine x4, Marauder x2  
  107  7:55  Marauder  
  107  7:58  SCV x3  
  122  8:01  Terran Infantry Armor Level 1  
  124  8:06  Starport  
  124  8:07  Fusion Core  
  124  8:12  Marine  
  124  8:13  Marine x3  
  124  8:16  Marauder x2  
  124  8:19  Supply Depot  
  132  8:22  Supply Depot  
  132  8:24  Supply Depot  
  132  8:31  Marauder  
  132  8:46  Marine x4, Marauder x2  
  136  8:50  Ghost Academy  
  136  8:52  Marauder  
  136  8:54  Armory, Engineering Bay  
  138  9:01  Liberator  
  138  9:02  Liberator  
  133  9:07  Concussive Shells  
  133  9:09  Marine x4, Marauder x2  
  137  9:11  SCV x3  
  137  9:14  Marauder  
  137  9:17  Command Center  
  142  9:18  Starport Tech Lab  
  142  9:24  Supply Depot x2  
  148  9:38  Liberator  
  148  9:44  Liberator  
  148  9:45  Liberator  
  120  9:48  Marine x3, Marauder x3  
  122  9:56  Advanced Ballistics  
  131  10:09  Marine x4, Marauder  
  137  10:18  Barracks  
  137  10:19  Barracks  
  137  10:22  Ghost  
  129  10:37  Ghost  
  129  10:38  Marine x4, Marauder  
  128  10:50  Medivac x3  
  128  10:51  Marauder  
  136  11:09  Marine x3  
  136  11:10  Marauder x2  
  118  11:12  Marauder  
  118  11:15  Marine  
Tags
 
Add a new tag
Caveats
  • Supply blocks, unpowered buildings, or Contaminate may cause inaccurate times.
  • Supply counts are checked every 10 seconds.